AAA EAST
SCRANTON WB RAILRIDERS @ ALTOONA CURVE
05/17/2042
 
TOP OF THE 1ST
Scranton WB RailRiders batting - Pitching for Altoona Curve : LHP Ian Barker
Pitching: LHP Ian Barker
Batting: RHB Alex Willis 0-0: Ball
1-0: Foul Ball, location: 3SF
1-1: Reached on error, E4 (Groundball, 4M, EV 102.5 MPH)
Batting: LHB Jim Unknown 0-0: Ball
Wild Pitch!
Alex Willis to second
1-0: Ball
Wild Pitch!
Alex Willis to third
2-0: Ball
3-0: Called Strike
3-1: Base on Balls
Batting: SHB Rodrigo López 0-0: Called Strike
0-1: Ball
1-1: Ball
2-1: Called Strike
2-2: Ball
3-2: Strikes out looking
Batting: LHB Spike Robbins 0-0: Called Strike
0-1: Fly out, F8 (Flyball, 8LD, EV 105.0 MPH)
Runner from 3rd tags up, OUT at HOME! 8-2
Top of the 1st over - 0 runs, 0 hits, 1 error, 1 left on base; Scranton WB 0 - Altoona 0
BOTTOM OF THE 1ST
Altoona Curve batting - Pitching for Scranton WB RailRiders : RHP Sean Gross
Pitching: RHP Sean Gross
Batting: LHB Dave Calhoun 0-0: Ball
1-0: Ball
2-0: Swinging Strike
2-1: SINGLE (Line Drive, 8LS, EV 108.1 MPH)
Batting: RHB Billy Hess 0-0: Called Strike
Dave Calhoun steals 2nd base
0-1: Foul Ball, location: 2F
0-2: Ball
1-2: Foul Ball, location: 2F
1-2: Ball
2-2: Ball
3-2: Strikes out swinging
Batting: LHB Rich Herbert 0-0: Ball
Dave Calhoun steals 3rd base
1-0: Ball
2-0: Fly out, F8 (Flyball, 8LS, EV 85.0 MPH)
Batting: LHB Sean Lund 0-0: Fly out, F7 (Flyball, 78S, EV 93.8 MPH)
Bottom of the 1st over - 0 runs, 1 hit, 0 errors, 1 left on base; Scranton WB 0 - Altoona 0
TOP OF THE 2ND
Scranton WB RailRiders batting - Pitching for Altoona Curve : LHP Ian Barker
Batting: RHB Dave Bennett 0-0: Called Strike
0-1: Ball
1-1: Ball
2-1: Ground out 6-3 (Groundball, 6, EV 90.6 MPH)
Batting: LHB Josh Jones 0-0: Ball
1-0: Swinging Strike
1-1: Swinging Strike
1-2: Ball
2-2: Strikes out swinging
Batting: RHB Jim Unknown 0-0: Ball
1-0: Ball
2-0: Swinging Strike
2-1: Foul Ball, location: 3FF
2-2: Fly out, F7 (Flyball, 78S, EV 90.6 MPH)
Top of the 2nd over - 0 runs, 0 hits, 0 errors, 0 left on base; Scranton WB 0 - Altoona 0
BOTTOM OF THE 2ND
Altoona Curve batting - Pitching for Scranton WB RailRiders : RHP Sean Gross
Batting: RHB Manny Quintana 0-0: Ball
1-0: Called Strike
1-1: Foul Ball, location: 3F
1-2: Strikes out swinging
Batting: RHB Kevin Bauer 0-0: Foul Ball, location: 7LSF
0-1: Swinging Strike
0-2: Fly out, F7 (Flyball, 78S, EV 94.4 MPH)
Batting: RHB Pancho Romano 0-0: Called Strike
0-1: Called Strike
0-2: Foul Ball, location: 2RF
0-2: Ball
1-2: DOUBLE (Line Drive, 9LS, EV 96.3 MPH)
Batting: LHB Juan Martínez 0-0: Swinging Strike
0-1: Ball
1-1: Called Strike
1-2: Ball
2-2: Ball
3-2: Strikes out looking
Bottom of the 2nd over - 0 runs, 1 hit, 0 errors, 1 left on base; Scranton WB 0 - Altoona 0
TOP OF THE 3RD
Scranton WB RailRiders batting - Pitching for Altoona Curve : LHP Ian Barker
Batting: RHB Jim Unknown 0-0: Swinging Strike
0-1: Called Strike
0-2: Strikes out swinging
Batting: RHB Jim Unknown 0-0: Foul Ball, location: 3FF
0-1: Ball
1-1: Ball
2-1: Foul Ball, location: 9LSF
2-2: Strikes out swinging
Batting: RHB Alex Willis 0-0: Ball
1-0: Foul Ball, location: 2F
1-1: Swinging Strike
1-2: Ball
2-2: Foul Ball, location: 5F
2-2: Foul Ball, location: 9LMF
2-2: Foul Ball, location: 25F
2-2: Ball
3-2: Foul Ball, location: 25F
3-2: Foul Ball, location: 9LMF
3-2: SINGLE (Groundball, 4MD, EV 109.4 MPH)
Batting: LHB Jim Unknown 0-0: Swinging Strike
0-1: Swinging Strike
0-2: Ball
Alex Willis steals 2nd base
1-2: Ball
2-2: Strikes out swinging
Top of the 3rd over - 0 runs, 1 hit, 0 errors, 1 left on base; Scranton WB 0 - Altoona 0
BOTTOM OF THE 3RD
Altoona Curve batting - Pitching for Scranton WB RailRiders : RHP Sean Gross
Batting: RHB Joe Brown 0-0: Called Strike
0-1: Called Strike
0-2: Foul Ball, location: 2F
0-2: Ball
1-2: SINGLE (Line Drive, 7S, EV 111.3 MPH)
Batting: LHB Dave Calhoun 0-0: Ball
1-0: Ball
2-0: Foul Ball, location: 7LDF
2-1: Swinging Strike
2-2: Foul Ball, location: 5F
2-2: Fly out, F6 (Popup, 56, EV 66.9 MPH)
Batting: RHB Billy Hess 0-0: Called Strike
0-1: Ball
1-1: Ball
2-1: Ball
3-1: DOUBLE (Groundball, 5L, EV 95.0 MPH)
Joe Brown to third
Batting: LHB Rich Herbert 0-0: Ball
1-0: Ball
2-0: Ball
3-0: Called Strike
3-1: Swinging Strike
3-2: Strikes out swinging
Batting: LHB Sean Lund 0-0: Ball
1-0: Ball
2-0: Called Strike
2-1: Foul Ball, location: 3F
2-2: Fly out, F8 (Flyball, 8LD, EV 98.8 MPH)
Bottom of the 3rd over - 0 runs, 2 hits, 0 errors, 2 left on base; Scranton WB 0 - Altoona 0
TOP OF THE 4TH
Scranton WB RailRiders batting - Pitching for Altoona Curve : LHP Ian Barker
Batting: SHB Rodrigo López 0-0: Called Strike
0-1: Ball
1-1: Foul Ball, location: 9LMF
1-2: Ball
2-2: Ball
3-2: Base on Balls
Batting: LHB Spike Robbins 0-0: Swinging Strike
0-1: Ball
1-1: Ball
2-1: Called Strike
2-2: Grounds into double play, 3-6-1 (Groundball, 34, EV 86.9 MPH)
Batting: RHB Dave Bennett 0-0: Called Strike
0-1: Foul Ball, location: 3F
0-2: Foul Ball, location: 2F
0-2: Strikes out swinging
Top of the 4th over - 0 runs, 0 hits, 0 errors, 0 left on base; Scranton WB 0 - Altoona 0
BOTTOM OF THE 4TH
Altoona Curve batting - Pitching for Scranton WB RailRiders : RHP Sean Gross
Batting: RHB Manny Quintana 0-0: Ball
1-0: Called Strike
1-1: Ball
2-1: Ball
3-1: Base on Balls
Batting: RHB Kevin Bauer 0-0: Bunted foul
0-1: Sac Bunt to 13S - play at first, batter OUT! 1-3
Manny Quintana to second
Batting: RHB Pancho Romano 0-0: Foul Ball, location: 2F
0-1: Ball
1-1: Fly out, F7 (Flyball, 7LSF, EV 91.9 MPH)
Pitching: RHP Eric Summers
Batting: LHB Juan Martínez 0-0: Ball
1-0: Called Strike
1-1: Called Strike
1-2: Foul Ball, location: 23F
1-2: Ball
2-2: Ball
3-2: Strikes out looking
Bottom of the 4th over - 0 runs, 0 hits, 0 errors, 1 left on base; Scranton WB 0 - Altoona 0
TOP OF THE 5TH
Scranton WB RailRiders batting - Pitching for Altoona Curve : LHP Ian Barker
Batting: LHB Josh Jones 0-0: Foul Ball, location: 25FF
0-1: Fly out, F9 (Flyball, 9D, EV 99.4 MPH)
Batting: RHB Jim Unknown 0-0: Foul Ball, location: 9LSF
0-1: Foul Ball, location: 2F
0-2: Ball
1-2: Foul Ball, location: 3FF
1-2: Ball
2-2: Ball
3-2: Fly out, F7 (Flyball, 78S, EV 98.1 MPH)
Batting: RHB Jim Unknown 0-0: Fly out, F9 (Flyball, 9D, EV 106.9 MPH)
Top of the 5th over - 0 runs, 0 hits, 0 errors, 0 left on base; Scranton WB 0 - Altoona 0
BOTTOM OF THE 5TH
Altoona Curve batting - Pitching for Scranton WB RailRiders : RHP Eric Summers
Batting: RHB Joe Brown 0-0: Called Strike
0-1: Swinging Strike
0-2: Ball
1-2: Ball
2-2: Ball
3-2: Strikes out looking
Batting: LHB Dave Calhoun 0-0: Ball
1-0: Ball
2-0: Fly out, F7 (Flyball, 7, EV 96.3 MPH)
Batting: RHB Billy Hess 0-0: Swinging Strike
0-1: Swinging Strike
0-2: Foul Ball, location: 2F
0-2: Strikes out looking
Bottom of the 5th over - 0 runs, 0 hits, 0 errors, 0 left on base; Scranton WB 0 - Altoona 0
TOP OF THE 6TH
Scranton WB RailRiders batting - Pitching for Altoona Curve : LHP Ian Barker
Batting: RHB Jim Unknown 0-0: Ball
1-0: Ball
2-0: Ball
3-0: Foul Ball, location: 9LMF
3-1: Called Strike
3-2: Ground out 6-3 (Groundball, 6, EV 86.3 MPH)
Batting: RHB Alex Willis 0-0: Called Strike
0-1: Ball
1-1: SINGLE (Line Drive, 7LS, EV 100.6 MPH)
Batting: LHB Jim Unknown 0-0: SINGLE (Line Drive, 8LS, EV 105.6 MPH)
Alex Willis to second
Batting: SHB Rodrigo López 0-0: Ball
1-0: Ball
2-0: Ball
3-0: Called Strike
3-1: Base on Balls
Alex Willis to third
Jim Unknown to second
Batting: LHB Spike Robbins 0-0: Foul Ball, location: 2F
0-1: Ball
1-1: Ball
2-1: Ball
3-1: Base on Balls
Alex Willis scores
Jim Unknown to third
Rodrigo López to second
Batting: RHB Dave Bennett 0-0: Fly out, F3 (Popup, 34, EV 68.8 MPH)
Batting: LHB Josh Jones 0-0: Ball
1-0: Swinging Strike
1-1: Called Strike
1-2: Foul Ball, location: 7LMF
1-2: Strikes out swinging
Top of the 6th over - 1 run, 2 hits, 0 errors, 3 left on base; Scranton WB 1 - Altoona 0
BOTTOM OF THE 6TH
Altoona Curve batting - Pitching for Scranton WB RailRiders : RHP Eric Summers
Batting: LHB Rich Herbert 0-0: Ball
1-0: Called Strike
1-1: Foul Ball, location: 2F
1-2: Strikes out swinging, 2-3 out at first.
Batting: LHB Sean Lund 0-0: Ball
1-0: Ball
2-0: Called Strike
2-1: Ball
3-1: SINGLE (Line Drive, 8RS, EV 102.5 MPH)
Batting: RHB Manny Quintana 0-0: Ball
1-0: Ball
2-0: Foul Ball, location: 5F
2-1: Foul Ball, location: 3SF
2-2: Ball
3-2: Foul Ball, location: 9LDF
3-2: 2-RUN HOME RUN (Flyball, 7D, EV 95.6 MPH), Distance : 366 ft
Batting: RHB Kevin Bauer 0-0: SINGLE (Groundball, 34D, EV 101.3 MPH)
Batting: RHB Pancho Romano 0-0: Ball
1-0: Ball
2-0: Ground out 5-3 (Groundball, 56, EV 93.1 MPH)
Kevin Bauer to second
Batting: LHB Juan Martínez 0-0: Ball
1-0: Swinging Strike
1-1: Fly out, F2 (Popup, 5SF, EV 81.9 MPH)
Bottom of the 6th over - 2 runs, 3 hits, 0 errors, 1 left on base; Scranton WB 1 - Altoona 2
TOP OF THE 7TH
Scranton WB RailRiders batting - Pitching for Altoona Curve : LHP Ian Barker
Pitching: RHP José Gómez
Batting: RHB Jim Unknown 0-0: Ball
1-0: Ball
2-0: Ball
3-0: Base on Balls
Batting: RHB Jim Unknown 0-0: Ball
1-0: Bunted foul
1-1: Swinging Strike
1-2: Foul Ball, location: 2F
1-2: Ball
2-2: Ball
3-2: Foul Ball, location: 5DF
3-2: Fly out, F9 (Flyball, 89D, EV 104.4 MPH)
Batting: RHB Sacco Blok 0-0: Ball
1-0: Fly out, F7 (Flyball, 7D, EV 94.4 MPH)
Batting: RHB Alex Willis 0-0: Swinging Strike
0-1: Ball
1-1: Ball
2-1: Ball
3-1: Foul Ball, location: 2F
3-2: Base on Balls
Jim Unknown to second
Batting: LHB Jim Unknown 0-0: Swinging Strike
0-1: Called Strike
0-2: Strikes out swinging
Top of the 7th over - 0 runs, 0 hits, 0 errors, 2 left on base; Scranton WB 1 - Altoona 2
BOTTOM OF THE 7TH
Altoona Curve batting - Pitching for Scranton WB RailRiders : RHP Eric Summers
Batting: RHB Joe Brown 0-0: Ball
1-0: Ball
2-0: Ball
3-0: Foul Ball, location: 9LSF
3-1: Foul Ball, location: 2F
3-2: Foul Ball, location: 2F
3-2: Base on Balls
Batting: LHB Dave Calhoun 0-0: Called Strike
0-1: Foul Ball, location: 2F
0-2: Ball
1-2: Ball
Wild Pitch!
Joe Brown to second
2-2: Foul Ball, location: 7LDF
2-2: 2-RUN HOME RUN (Flyball, 9D, EV 98.1 MPH), Distance : 374 ft
Pitching: RHP Chris Hernández
Batting: RHB Billy Hess 0-0: Ground out 5-3 (Groundball, 56S, EV 91.9 MPH)
Batting: LHB Rich Herbert 0-0: Foul Ball, location: 2F
0-1: Ball
1-1: Foul Ball, location: 23FF
1-2: Foul Ball, location: 3FF
1-2: DOUBLE (Groundball, 3L, EV 105.0 MPH)
Batting: LHB Sean Lund 0-0: Called Strike
0-1: Ball
1-1: Ball
2-1: Called Strike
2-2: Ground out 4-3 (Groundball, 4, EV 85.0 MPH)
Rich Herbert to third
Batting: RHB Manny Quintana 0-0: Called Strike
0-1: Ball
1-1: Foul Ball, location: 5SF
1-2: Ball
2-2: Strikes out swinging
Bottom of the 7th over - 2 runs, 2 hits, 0 errors, 1 left on base; Scranton WB 1 - Altoona 4
TOP OF THE 8TH
Scranton WB RailRiders batting - Pitching for Altoona Curve : RHP José Gómez
Now in RF: Greg McDonald
Batting: SHB Rodrigo López 0-0: Called Strike
0-1: Called Strike
0-2: SINGLE (Groundball, 3D, EV 106.3 MPH)
Batting: LHB Spike Robbins 0-0: Ball
1-0: Foul Ball, location: 3FF
1-1: Ball
2-1: Called Strike
2-2: Fly out, F8 (Line Drive, 89D, EV 93.8 MPH)
Batting: RHB Dave Bennett 0-0: Ball
1-0: Called Strike
1-1: Called Strike
1-2: Foul Ball, location: 3F
1-2: Strikes out swinging
Pitching: LHP Kevin Nelson
Batting: LHB Josh Jones 0-0: Called Strike
0-1: Foul Ball, location: 3F
0-2: Ball
1-2: Strikes out swinging
Top of the 8th over - 0 runs, 1 hit, 0 errors, 1 left on base; Scranton WB 1 - Altoona 4
BOTTOM OF THE 8TH
Altoona Curve batting - Pitching for Scranton WB RailRiders : RHP Chris Hernández
Batting: RHB Kevin Bauer 0-0: Ball
1-0: Called Strike
1-1: Ground out 6-3 (Groundball, 6S, EV 67.5 MPH)
Batting: RHB Pancho Romano 0-0: Ball
1-0: Ball
2-0: Ball
3-0: Base on Balls
Batting: LHB Juan Martínez 0-0: Grounds into double play, 4-6-3 (Groundball, 4, EV 110.6 MPH)
Bottom of the 8th over - 0 runs, 0 hits, 0 errors, 0 left on base; Scranton WB 1 - Altoona 4
TOP OF THE 9TH
Scranton WB RailRiders batting - Pitching for Altoona Curve : LHP Kevin Nelson
Pitching: RHP Curt Watson
Batting: RHB Jim Unknown 0-0: Ball
1-0: Called Strike
1-1: Ground out U3 (Groundball, 34, EV 78.8 MPH)
Pinch Hitting: RHB Jim Unknown 0-0: Foul Ball, location: 9LMF
0-1: SINGLE (Line Drive, 78M, EV 93.8 MPH)
Batting: RHB Sacco Blok 0-0: SINGLE (Line Drive, 89S, EV 108.8 MPH)
Jim Unknown to second
Batting: RHB Alex Willis 0-0: Ball
1-0: Grounds into double play, 5-4-3 (Groundball, 56S, EV 87.5 MPH)
Top of the 9th over - 0 runs, 2 hits, 0 errors, 1 left on base; Scranton WB 1 - Altoona 4
Friday, May 3rd , 2024 - OOTP Baseball 24.10 Build 82